 Dungeon Crawl Stone Soup version 0.17-a0-2215-g49c1de0 (webtiles) character file.

130 KINGKRU the Shield-Bearer (level 5, -2/41 HPs)
             Began as a Human Fighter on Oct 27, 2015.
             Killed from afar by an orc wizard (4 damage)
             ... with a puff of flame
             ... on level 2 of the Dungeon.
             The game lasted 00:07:23 (1699 turns).

KINGKRU the Shield-Bearer (Human Fighter)           Turns: 1699, Time: 00:07:23

Health: -2/41      AC:  6    Str: 18    XL:     5   Next: 36%
Magic:  5/5        EV:  7    Int:  8    God:
Gold:   55         SH:  9    Dex: 12    Spells: 0 memorised, 4 levels left

rFire  . . .     SeeInvis .     a - +0 long sword
rCold  . . .     Clarity  .     b - +0 scale mail
rNeg   . . .     SustAt   .     c - +0 shield
rPois  .         Gourm    .     (no helmet)
rElec  .         Spirit   .     (no cloak)
rCorr  .         Warding  .     (no gloves)
rMut   .         Stasis   .     (no boots)
MR     .....                    (no amulet)
Stlth  ..........               (no ring)
                                (no ring)

@: flying, drained, not resistant to hostile enchantments, extremely unstealthy
A: no striking features
a: no special abilities


You were on level 2 of the Dungeon.
You were not hungry.

You visited 1 branch of the dungeon, and saw 3 of its levels.

You collected 55 gold pieces.

Inventory:

Hand Weapons
 a - a +0 long sword (weapon)
Armour
 b - a +0 scale mail (worn)
 c - a +0 shield (worn)
Scrolls
 h - a scroll of blinking {unknown}
 i - 2 scrolls of enchant armour {unknown}
 j - a scroll of recharging {unknown}
 m - 2 scrolls of fear {unknown}
 n - 3 scrolls of remove curse {unknown}
Potions
 g - a potion of curing
 k - a potion of flight
 l - a potion of cancellation {unknown}
 p - a potion of resistance {unknown}
Comestibles
 e - 2 bread rations
 f - 2 fruits
 o - a meat ration


   Skills:
 + Level 3.6(3.4) Fighting
 + Level 2.4(2.1) Long Blades
 + Level 3.8(3.5) Armour
 + Level 1.3(1.0) Dodging
 + Level 0.4(0.2) Stealth
 + Level 4.0(3.7) Shields


You had 4 spell levels left.
You didn't know any spells.

Dungeon Overview and Level Annotations

Branches:
Dungeon (3/15)

Altars:


Message History

Something hits you but does no damage.
There is a stone staircase leading up here.
You see here a giant newt skeleton.
Something hits you but does no damage. The orc hits you but does no damage.
You feel drained.
You fly upwards.
There is a stone staircase leading down here.
Something hits you but does no damage.
Something hits you but does no damage. x2
Something hits you but does no damage. Something hits you.
* * * LOW HITPOINT WARNING * * *
You hear some strange, mumbled words.
A puff of frost appears from out of thin air!
The puff of frost hits you!
* * * LOW HITPOINT WARNING * * *
Something hits you but does no damage.
A puff of flame appears from out of thin air!
The puff of flame hits you!
You die...

.### #.# ##'## ...# ##.# ##...##
...##### #.<## ##.....## ...<...#
#.#.## ##.......##
....##.#######....####.........##
.....................'.........'.
#...##.#######....####.........#
##.###†# #.#>## ##.......## ###
#.# #..@.# ##[....## ######.#
###.## ##...## #......# #.# ##'##
#.###### #.# #.# # #.# #.# #.#
##.## ####.#### ##...## #.......#
#.....# #.#####.# ##...##


There were no monsters in sight!

Vanquished Creatures
  The ghost of slAvIk159 the Sneak, an amateur HaAs (D:3)
  An adder (D:3)
  A worm (D:2)
  2 giant geckos
  An orc (D:3)
  A giant cockroach (D:2)
  9 hobgoblins
  2 ball pythons
  4 bats
  6 giant newts
  3 goblins
  3 kobolds
  11 rats
45 creatures vanquished.

Notes
Turn   | Place    | Note
--------------------------------------------------------------
     0 | D:1      | KINGKRU the Human Fighter began the quest for the Orb.
     0 | D:1      | Reached XP level 1. HP: 18/18 MP: 1/1
   351 | D:1      | Reached XP level 2. HP: 24/24 MP: 2/2
   895 | D:2      | Reached XP level 3. HP: 22/29 MP: 3/3
  1325 | D:3      | Noticed slAvIk159's ghost (amateur HaAs)
  1355 | D:3      | Killed slAvIk159's ghost
  1355 | D:3      | Reached skill level 1 in Dodging
  1355 | D:3      | Reached XP level 4. HP: 15/35 MP: 4/4
  1355 | D:3      | Reached XP level 5. HP: 17/41 MP: 5/5
  1562 | D:3      | Reached skill level 4 in Shields
  1694 | D:2      | HP: 2/41 [something/puff of frost (4)]
  1699 | D:2      | Killed from afar by an orc wizard

Vault maps used:
D:1:      evilmike_arrival_fibonacci_small
D:2:      lemuel_zombie_altar_yredelemnul
D:3:      kennysheep_big_flooded_room,
          nicolae_gozag_cash_rules_everything_around_me

Action                   |  1- 3 |  4- 6 || total
-------------------------+-------+-------++-------
Melee: Long sword        |   142 |    32 ||   174
  Use: Potion            |     1 |     2 ||     3
  Eat: Fruit             |     2 |     1 ||     3
